 Dungeon Crawl Stone Soup version 0.29.1-12-g30fa7ad0bf (webtiles) character file.

Game seed: 5962443856557996076

360 cheesebisquit the Skirmisher (level 6, -4/51 HPs)
             Began as a Minotaur Hunter on Jan 16, 2023.
             Was an Initiate of Okawaru.
             Killed by divine providence
             ... invoked by an orc priest
              (14 damage)
             ... on level 5 of the Dungeon.
             The game lasted 00:12:08 (3684 turns).

cheesebisquit the Skirmisher (Minotaur Hunter)      Turns: 3684, Time: 00:12:08

Health: -4/51      AC:  3    Str: 15    XL:     6   Next: 38%
Magic:  5/5        EV: 12    Int:  6    God:    Okawaru [......]
Gold:   213        SH:  0    Dex: 16    Spells: 5/5 levels left

rFire   . . .      SeeInvis .   a - +0 shortbow
rCold   . . .      Faith    .   (shield currently unavailable)
rNeg    . . .      Spirit   .   c - +0 leather armour
rPois   .          Reflect  .   (helmet restricted)
rElec   .          Harm     .   (no cloak)
rCorr   .          Rampage  .   (no gloves)
Will    .....                   (no boots)
Stlth   +.........              (no amulet)
HPRegen 0.17/turn               (no ring)
MPRegen 0.09/turn               (no ring)

@: confused, ambrosia-drunk
A: horns 2, retaliatory headbutt
a: Renounce Religion


You were on level 5 of the Dungeon.
You worshipped Okawaru.
Okawaru was noncommittal.
You visited 2 branches of the dungeon, and saw 6 of its levels.

You collected 213 gold pieces.

Inventory:

Hand Weapons
 a - a +0 shortbow (weapon)
Armour
 c - a +0 leather armour (worn)
Jewellery
 k - a ring of protection from fire
 n - an amulet of faith
Wands
 l - a wand of iceblast (5)
Scrolls
 b - 3 scrolls of immolation
 g - a scroll of noise
 h - a scroll of fog
 i - a scroll of teleportation {unknown}
 j - a scroll of enchant weapon {unknown}
 m - a scroll of poison {unknown}
 o - a scroll of blinking {unknown}
 p - a scroll of brand weapon {unknown}
Potions
 e - a potion of ambrosia
 f - 2 potions of haste
 q - a potion of mutation


   Skills:
 - Level 3.1 Fighting
 + Level 8.0 Ranged Weapons
 - Level 2.8 Dodging
 - Level 1.1 Stealth


You had 5 spell levels left.
You didn't know any spells.
Your spell library contained the following spells:

 Spells                   Type           Power      Damage    Failure   Level
 Sting                    Tmut/Pois      0%         1d3       52%         1
 Ensorcelled Hibernation  Hex/Ice        0%         N/A       67%         2
 Poisonous Vapours        Pois/Air       0%         N/A       67%         2
 Gell's Gravitas          Tloc           0%         N/A       88%         3
 Lesser Beckoning         Tloc           0%         N/A       88%         3
 Spider Form              Tmut/Pois      0%         N/A       88%         3
 Teleport Other           Tloc           0%         N/A       88%         3
 Anguish                  Hex/Necr       0%         N/A       99%         4
 Olgreb's Toxic Radiance  Pois           0%         N/A       99%         4


Dungeon Overview and Level Annotations

Branches:
Dungeon (5/15)             Temple (1/1) D:4

Altars:
Ashenzari
Cheibriados
Dithmenos
Elyvilon
Gozag
Hepliaklqana
Kikubaaqudgha
Makhleb
Nemelex Xobeh
Okawaru
Qazlal
Ru
Sif Muna
Trog
Uskayaw
Xom
Yredelemnul
Zin
The Shining One


Innate Abilities, Weirdness & Mutations

You have a pair of horns on your head.
You reflexively headbutt those who attack you in melee.


Message History

The arrow hits the orc priest but does no damage.
The orc priest is heavily wounded.
You shoot an arrow. The arrow hits the orc priest.
The orc priest is almost dead.
The orc priest begins to cast a cantrip, but forgets the words!
You shoot an arrow. The arrow hits the orc priest!
You kill the orc priest!
Okawaru accepts your kill. The orc priest closely misses you.
You furiously retaliate!
You headbutt the orc priest.
Your Ranged Weapons skill increases to level 8!
You shoot an arrow. The arrow barely misses the orc priest.
The orc priest closely misses you.
You shoot an arrow. The arrow hits the orc priest.
The orc priest is severely wounded.
The orc priest calls down the wrath of Beogh upon you.
Beogh smites you!
You are too injured to fight recklessly!
You are too injured to fight recklessly!
Fire: a) +0 shortbow
Press: ? - help, Q - select action, (/) - cycle Shift-Dir - straight line, f/p - orc priest
Aim: an orc priest, wielding a +0 flail (severely wounded, 65% to hit)
You shoot an arrow.
The arrow completely misses the orc priest.
The orc priest mumbles some strange prayers to Beogh against you.
Beogh smites you!
* * * LOW HITPOINT WARNING * * *
Fire: a) +0 shortbow
Press: ? - help, Q - select action, (/) - cycle Shift-Dir - straight line, f/p - orc priest
Aim: an orc priest, wielding a +0 flail (severely wounded, 65% to hit)
You shoot an arrow. The arrow hits the orc priest.
The orc priest is severely wounded.
The orc priest mumbles some strange prayers to Beogh against you.
Pain shoots through your body!
* * * LOW HITPOINT WARNING * * *
You are confused.
You feel invigorated.
The orc priest invokes the aid of Beogh against you.
Beogh smites you!
You die...

#.###...
....... ))...#
#..# #....#
#..# .# ##...#
#..# (# #....#
#..# .#
#.#o###..# .#
#..@....###.#
.###..........#
..........†...#
.######.......#
####..).####
#.........#
#.........#
#.<..)....#
##......###


You could see an orc priest.

Vanquished Creatures
  Sigmund (D:3)
  An orc priest (D:5)
  11 adders
  A dart slug (D:4)
  5 orcs
  9 ball pythons
  3 bats
  4 endoplasms
  5 giant cockroaches
  6 goblins
  4 hobgoblins
  5 quokkas
  4 frilled lizards
  6 kobolds
  5 rats
70 creatures vanquished.

Notes
Turn   | Place    | Note
-------+----------+-------------------------------------------
     0 | D:1      | cheesebisquit the Minotaur Hunter began the quest for the
                  | Orb.
     0 | D:1      | Reached XP level 1. HP: 18/18 MP: 0/0
   127 | D:1      | Reached skill level 1 in Stealth
   225 | D:1      | Reached XP level 2. HP: 25/25 MP: 1/1
   238 | D:1      | Found a faded altar of an unknown god.
   855 | D:2      | Reached XP level 3. HP: 31/31 MP: 2/2
  1253 | D:2      | Reached skill level 5 in Ranged Weapons
  1369 | D:2      | Reached XP level 4. HP: 38/38 MP: 3/3
  1536 | D:2      | Reached skill level 6 in Ranged Weapons
  2159 | D:3      | Noticed Sigmund
  2202 | D:3      | Killed Sigmund
  2203 | D:3      | Reached skill level 7 in Ranged Weapons
  2203 | D:3      | Reached XP level 5. HP: 21/45 MP: 4/4
  2203 | D:3      | Reached XP level 6. HP: 24/51 MP: 5/5
  2965 | D:4      | Found a staircase to the Ecumenical Temple.
  2973 | Temple   | Entered the Ecumenical Temple
  3010 | Temple   | Became a worshipper of Warmaster Okawaru
  3531 | D:4      | Found a stormy altar of Qazlal.
  3649 | D:5      | Entered Level 5 of the Dungeon
  3680 | D:5      | Reached skill level 8 in Ranged Weapons
  3684 | D:5      | Killed from afar by an orc priest

Illustrated notes

Levels and vault maps discovered:
D:1:      saegor_arrival_simple_c, layout_basic, shapermc_ecumenical_altar_venn,
          minmay_misc_feat_iff, hangedman_glass_garden, serial_bayou_pond_a
D:2:      layout_basic, serial_aquarium, aquarium_bridge_straight
          [aquarium_subvault_bridge, aquarium_subvault_wall,
          aquarium_subvault_bridge, aquarium_subvault_window],
          aquarium_window_fake, aquarium_window_fake, aquarium_window_1,
          aquarium_view_2c, aquarium_view_2c, aquarium_pool_side,
          minmay_snake_closets
D:3:      layout_basic, uniq_sigmund
D:4:      layout_loops_corners, nicolae_qazlal_scattered_showers,
          minmay_temple_entry_statues_pillars
D:5:      layout_loops_ring, serial_shops, shop_statue
Temple:   nicolae_temple_bog_church

Skill      XL: |  1  2  3  4  5  6 |
---------------+-------------------+-----
Stealth        | 1 |  1.1
Fighting       | 3 |  3.1
Ranged Weapons | 5 7 8 |  8.0
Dodging        | |  2.8

Action                   |  1- 3 |  4- 6 || total
-------------------------+-------+-------++-------
 Fire: Shortbow          |    80 |   123 ||   203
  Use: Potion            |       |     5 ||     5
       Scroll            |       |     5 ||     5
Armor: Leather armour    |     5 |    12 ||    17
       Ring mail         |     1 |       ||     1
Dodge: Dodged            |    25 |    32 ||    57
